 Dungeon Crawl Stone Soup version 0.21.1-1-g345015fe64 (webtiles) character file.

291382 barcollo the Slayer (level 19, -8/189 HPs)
             Began as a Minotaur Berserker on June 16, 2018.
             Was a High Priest of Trog.
             Mangled by a death ooze (13 damage)
             ... on level 2 of the Pits of Slime on June 18, 2018.
             The game lasted 05:03:26 (42028 turns).

barcollo the Slayer (Minotaur Berserker)           Turns: 42028, Time: 05:03:27

Health: -8/189     AC: -1    Str: 24    XL:     19   Next: 96%
Magic:  19/19      EV: 27    Int:  4    God:    Trog [*****.]
Gold:   4279       SH: 24    Dex: 22    Spells: 20/20 levels left

rFire    + . .     SeeInvis +   l - +14 obsidian axe {chop, +Fly SInv *Curse}
rCold    + + .     Gourm    .   C - +2 shield
rNeg     . . .     Faith    .   Q - +4 ring mail "Ceaz" {rC++}
rPois    .         Spirit   .   (helmet restricted)
rElec    .         Reflect  +   W - +0 cloak "Myomots" {MR+ Dex+2}
rCorr    .         Harm     .   f - +1 pair of gloves
MR       +++..     Rnd*Rage +   R - +0 pair of boots {run}
Stlth    +.........             s - +5 amulet of reflection
HPRegen  0.41/turn              K - ring of Mirth {rF+ AC+3 Dex+4}
MPRegen  0.16/turn              x - ring of protection from magic

@: corroded, berserk cooldown, mesmerised, slowed, studying Fighting, very slow
A: retaliatory headbutt, horns 2, berserk 1
}: 2/15 runes: decaying, gossamer
a: Berserk, Trog's Hand, Brothers in Arms, Burn Spellbooks, Renounce Religion,
Evoke Flight


You were on level 2 of the Pits of Slime.
You worshipped Trog.
Trog was extremely pleased with you.
You were not hungry.

You visited 7 branches of the dungeon, and saw 36 of its levels.
You also visited: Sewer and Bailey.

You collected 4522 gold pieces.
You spent 243 gold pieces at shops.

Inventory:

Hand Weapons
 a - a +1 great mace of holy wrath
 b - a +5 broad axe
 l - the +14 obsidian axe (weapon) {chop, +Fly SInv *Curse}
   (You took it off a deep elf mage on level 3 of the Elven Halls)

   It inflicts extra damage upon your enemies.
   It lets you see invisible.
   It lets you fly.
   It curses itself when equipped.
Armour
 f - a +1 pair of gloves (worn)
 u - the +9 chain mail of the Pleiades {+Blink MR+ Dex+2}
   (You found it on level 14 of the Dungeon)

   It affects your dexterity (+2).
   It affects your resistance to hostile enchantments.
   It lets you blink.
 C - a +2 shield (worn)
 J - a +4 chain mail of poison resistance
 Q - the +4 ring mail "Ceaz" (worn) {rC++}
   (You bought it in a shop on level 2 of the Orcish Mines)

   It greatly protects you from cold.
 R - a +0 pair of boots of running (worn)
 W - the +0 cloak "Myomots" (worn) {MR+ Dex+2}
   (You found it in a bailey)

   It affects your dexterity (+2).
   It affects your resistance to hostile enchantments.
Jewellery
 g - an uncursed ring of fire
 s - a +5 amulet of reflection (around neck)
 x - a ring of protection from magic (right hand)
 G - an uncursed ring of positive energy
 K - the ring of Mirth (left hand) {rF+ AC+3 Dex+4}
   (You took it off a deep elf mage on level 3 of the Elven Halls)

   [ring of protection]

   It affects your AC (+3).
   It affects your dexterity (+4).
   It protects you from fire.
 O - the ring "Docooj" {*Tele rElec}
   (You took it off a deep elf annihilator on level 3 of the Elven Halls)

   [ring of teleportation]

   It may teleport you next to monsters.
   It insulates you from electricity.
Wands
 j - a wand of enslavement (5)
 k - a wand of digging (10)
 F - a wand of disintegration (32)
 L - a wand of iceblast (7)
 Z - a wand of acid (8)
Scrolls
 d - 2 scrolls of silence {unknown}
 e - 14 scrolls of remove curse
 h - 12 scrolls of teleportation
 m - 3 scrolls of fear
 y - 7 scrolls of fog
 A - 5 scrolls of magic mapping
 B - 4 scrolls of blinking
 D - 3 scrolls of holy word
 E - 9 scrolls of enchant armour
 I - a scroll of summoning {unknown}
 M - a scroll of identify
 T - a scroll of enchant weapon
 X - a scroll of random uselessness {unknown}
Potions
 i - 7 potions of flight
 n - 2 potions of invisibility
 o - 3 potions of berserk rage
 p - 6 potions of ambrosia
 q - 6 potions of curing
 r - 2 potions of magic
 t - 2 potions of might
 v - 3 potions of agility
 w - 6 potions of brilliance
 z - 6 potions of lignification
 S - 2 potions of mutation
 U - 4 potions of haste
 Y - 3 potions of cancellation
Books
 N - a manual of Fighting
Comestibles
 c - 37 rations


   Skills:
 + Level 21.3 Fighting
 - Level 18.0 Axes
 + Level 18.1 Armour
 + Level 16.9 Dodging
 * Level 20.8 Shields
 - Level 1.0 Spellcasting


You had 20 spell levels left.
You didn't know any spells.

Dungeon Overview and Level Annotations

Branches:
Dungeon (15/15)            Temple (0/1) D:4            Lair (6/6) D:10
  Swamp (4/4) Lair:3       Spider (4/4) Lair:3        Slime (2/5) Lair:6
    Orc (2/2) D:11            Elf (3/3) Orc:2        Vaults (0/5) D:13
 Depths (0/5) D:15

Altars:
Fedhas
Gozag
Okawaru
Ru
Vehumet
Xom
Beogh
Jiyva

Shops:
D:2 *   D:8 =   Orc:2 (*[=   Elf:1 }}(   Elf:2 (

Portals:
Trove: D:14 (lose all piety)

Annotations:
D:14 8 runed doors
Lair:3 spider
Swamp:1 exclusion: Roxanne, Roxanne


Innate Abilities, Weirdness & Mutations

You reflexively headbutt those who attack you in melee.
You have a pair of horns on your head.
You tend to lose your temper in combat.


Message History

You block the death ooze's attack.
Your orange demon stings the death ooze!
Your orange demon hits the death ooze.
The death ooze barely misses you. You block the death ooze's attack.
You hit the death ooze but do no damage.
You headbutt the death ooze.
The death ooze is heavily damaged.
You block the death ooze's attack. x2; The wall burns your orange demon!
Your orange demon stings the death ooze!
Your orange demon hits the death ooze but does no damage.
You strike the helpless death ooze from behind!
You hit the death ooze.
You headbutt the death ooze, but do no damage.
The death ooze is severely damaged.
You block the death ooze's attack. The death ooze hits you!
* * * LOW HITPOINT WARNING * * *
Your hellwing hits the death ooze!
Your hellwing barely misses the death ooze.
The death ooze completely misses you. The death ooze hits you!
You die...

............##
..............#
..............
.#............
............###
...#..#..#.#..##
.......4J......#
.......4@4....##
....>...<......#
#...............
#...............
##....#.........
#.......<...#..
##.........## #
#.......##.#
.....#.... ..#


You could see a death ooze, a friendly orange demon, a friendly hellwing and a
friendly rust devil.

Vanquished Creatures
  Nikola (Elf:3)
  Arachne (Spider:2)
  Jorgrun (Swamp:3)
  3 deep elf blademasters
  6 acid blobs
  3 thorn hunters
  Donald (Swamp:3)
  4 deep elf sorcerers (Elf:3)
  The ghost of kaisn the Markscentaur, a journeyman CeHu of Okawaru (Orc:2)
  5 ghost moths
  An orc warlord (Orc:2)
  Louise (Swamp:1)
  3 emperor scorpions
  Aizul (Swamp:1)
  7 deep elf elementalists (Elf:3)
  A very ugly thing (Swamp:2)
  An entropy weaver (Spider:3)
  2 deep elf demonologists
  5 deep elf annihilators (Elf:3)
  4 spark wasps
  Snorg (D:13)
  4 fire dragons
  3 deep elf death magi
  33 slime creatures
  A great orb of eyes (Slime:2)
  A yaktaur captain (D:15)
  5 deep elf high priests
  The ghost of aragog127 the Basher, a journeyman GrBe of Trog (Spider:1)
  Erolcha (D:13)
  8 vault guards (D:13)
  4 catoblepae
  19 hydras
  6 centaur warriors
  A death knight (D:14)
  8 alligators
  22 dancing weapons
  3 tengu warriors
  9 two-headed ogres
  A deep troll shaman (Lair:6)
  5 orc high priests
  4 death yaks (Lair:6)
  Nergalle (Lair:4)
  14 deep elf knights
  The ghost of P0NYSLAYSTATION the Shield-Bearer, a novice HOFi (D:13)
  4 skeletal warriors (D:15)
  A fire crab (Swamp:4)
  4 unseen horrors
  A small abomination (Elf:3)
  6 swamp dragons
  3 shambling mangroves
  2 wizards (D:14)
  3 spriggan druids
  2 lindwurms (Swamp:4)
  12 deep elf archers
  2 wolf spider zombies (D:14)
  35 deep elf magi
  9 orc sorcerers
  3 cyclopes
  9 orc knights
  11 ugly things
  13 orb spiders
  31 wolf spiders
  A shining eye (Slime:1)
  5 manticores (D:14)
  A moth of wrath (Spider:4)
  5 black mambas
  22 elephants
  14 spiny frogs
  4 gargoyles
  7 torpor snails
  2 kobold demonologists
  15 demonic crawlers
  A rime drake (Lair:3)
  6 komodo dragons
  4 polar bears
  2 tengu conjurers
  A merfolk (D:10)
  A harpy zombie (D:15)
  26 jumping spiders
  5 tyrant leeches
  3 meliai (D:15)
  5 trolls
  17 blink frogs (Lair:6)
  7 bog bodies
  25 hornets
  A harpy skeleton (D:14)
  6 hippogriffs
  A meliai zombie (D:12)
  79 redbacks
  8 spriggans
  A wraith (D:14)
  A tarantella (shapeshifter) (D:14)
  4 wyverns
  59 yaks
  A shadow (Swamp:3)
  2 air elementals
  3 water elementals
  A vampire (D:11)
  A yak (shapeshifter) (Elf:2)
  Grum (D:8)
  8 basilisks
  21 tarantellas
  35 vampire mosquitoes
  4 golden eyes (Slime:1)
  5 hogs (D:14)
  4 hungry ghosts
  4 steam dragons (Swamp:4)
  15 swamp worms
  24 insubstantial wisps
  2 acid dragons
  6 wargs
  11 water moccasins
  Duvessa (D:5)
  11 porcupines
  Purgy (Sewer)
  5 black bears
  4 ice beasts
  33 orc warriors
  12 swamp drakes
  3 sky beasts
  4 eyes of draining
  12 ogres
  2 phantoms
  A necrophage (D:11)
  18 wolves
  19 centaurs
  4 big kobolds
  17 crocodiles
  20 bullfrogs
  A wyvern zombie (D:14)
  2 earth elementals
  Dowan (D:5)
  4 scorpions
  5 killer bees (D:7)
  9 wights
  2 howler monkeys
  5 electric eels
  10 crimson imps
  3 centaur zombies
  A lava snake (Swamp:4)
  A wyvern simulacrum (D:14)
  6 centaur skeletons
  13 orc priests
  A bullfrog zombie (D:8)
  8 hounds
  5 jellies
  Crazy Yiuf (D:3)
  3 iguanas
  17 orc wizards
  14 worker ants
  A hound skeleton (D:4)
  7 gnolls
  A howler monkey skeleton (D:4)
  14 adders
  2 shadow imps (D:8)
  An adder skeleton (D:7)
  5 worms
  A dart slug (D:1)
  6 leopard geckos
  69 orcs
  8 ball pythons
  4 giant cockroaches
  18 hobgoblins
  2 jackals (D:6)
  16 kobolds
  5 quokkas
  4 bats
  10 frilled lizards
  15 goblins
  2 leopard gecko skeletons
  A quokka skeleton (D:8)
  A quokka zombie (D:8)
  6 rats (D:1)
  2 crawling corpses (Elf:3)
  6 fungi
  5 plants
1337 creatures vanquished.

Vanquished Creatures (collateral kills)
  Asterion (Elf:2)
  A centaur warrior (D:14)
  A shining eye (Slime:2)
  A deep elf mage (Elf:3)
  8 slime creatures
  A golden eye (Slime:1)
13 creatures vanquished.

Vanquished Creatures (others)
  Kirke (D:14)
  Nessos (D:13)
  A great orb of eyes (Slime:1)
  A two-headed ogre (D:14)
  A deep elf knight (Elf:3)
  A spriggan druid (Swamp:4)
  A deep elf archer (Elf:1)
  2 deep elf magi (Elf:3)
  2 cyclopes (D:15)
  A redback (Spider:4)
  A steam dragon (Swamp:4)
  3 swamp drakes (Swamp:4)
  An ice beast (D:14)
  6 centaurs
  A shadow imp (D:14)
  An orc (D:12)
  A goblin (D:2)
  A hobgoblin (D:2)
  A briar patch (Swamp:3)
  24 fungi
  22 plants
74 creatures vanquished.

Grand Total: 1424 creatures vanquished

Notes
Turn   | Place    | Note
-------+----------+-------------------------------------------
     0 | D:1      | barcollo the Minotaur Berserker began the quest for the Orb.
     0 | D:1      | Reached XP level 1. HP: 19/19 MP: 0/0
   190 | D:1      | Noticed an electric eel
   241 | D:1      | Reached XP level 2. HP: 17/27 MP: 1/1
   730 | D:2      | Reached skill level 4 in Fighting
   801 | D:1      | Reached XP level 3. HP: 26/33 MP: 2/2
   897 | D:2      | Reached ** piety under Trog
   910 | D:2      | Found an opulent altar of Gozag.
   919 | D:2      | Found Gozag's Platinum Reserve.
  1037 | D:2      | Found a radiant altar of Vehumet.
  1067 | D:2      | Reached skill level 1 in Shields
  1317 | D:3      | Reached XP level 4. HP: 40/40 MP: 3/3
  1433 | D:3      | Found a runed door.
  1470 | D:3      | Noticed Crazy Yiuf
  1474 | D:3      | Paralysed by Crazy Yiuf for 4 turns
  1482 | D:3      | Killed Crazy Yiuf
  1916 | D:3      | Reached XP level 5. HP: 45/47 MP: 4/4
  2010 | D:3      | Reached skill level 5 in Axes
  2083 | D:4      | Noticed a two-headed ogre
  2098 | D:4      | Killed a two-headed ogre
  2098 | D:4      | Reached skill level 5 in Fighting
  2098 | D:4      | Reached XP level 6. HP: 56/56 MP: 5/5
  2098 | D:4      | Reached XP level 7. HP: 61/61 MP: 6/6
  2417 | D:4      | Found a staircase to the Ecumenical Temple.
  2686 | D:4      | Found a glowing drain.
  2715 | Sewer    | Entered a sewer
  2815 | Sewer    | Noticed Purgy
  2827 | Sewer    | Killed Purgy
  2827 | Sewer    | Reached skill level 5 in Armour
  3046 | D:4      | Reached XP level 8. HP: 64/70 MP: 7/7
  3106 | D:5      | Entered Level 5 of the Dungeon
  3312 | D:5      | Reached skill level 6 in Fighting
  3551 | D:5      | Got a scorched hand axe
  3552 | D:5      | Identified the +6 hand axe of the Salmon {protect, *Noise rF+ MR+} (You found it on level 5 of the Dungeon)
  3564 | D:5      | Noticed Duvessa
  3566 | D:5      | Noticed Dowan
  3571 | D:5      | Killed Duvessa
  3578 | D:5      | Killed Dowan
  3716 | D:5      | Reached skill level 5 in Dodging
  4241 | D:6      | Found an iron altar of Okawaru.
  4692 | D:6      | Reached skill level 5 in Shields
  4729 | D:6      | Reached XP level 9. HP: 59/78 MP: 8/8
  5247 | D:7      | Reached skill level 7 in Fighting
  5315 | D:7      | Reached *** piety under Trog
  5611 | D:8      | Noticed Grum
  5726 | D:8      | Killed Grum
  5726 | D:8      | Reached skill level 10 in Axes
  5923 | D:8      | Reached skill level 8 in Fighting
  5976 | D:8      | Reached XP level 10. HP: 73/88 MP: 9/9
  6031 | D:8      | Found a blossoming altar of Fedhas.
  6067 | D:8      | Noticed a tengu warrior
  6070 | D:8      | Noticed a two-headed ogre
  6076 | D:8      | Killed a tengu warrior
  6080 | D:8      | Reached **** piety under Trog
  6087 | D:8      | Killed a two-headed ogre
  6114 | D:8      | Noticed a gargoyle
  6118 | D:8      | Killed a gargoyle
  6163 | D:8      | Got a crude great mace
  6335 | D:8      | Reached skill level 9 in Fighting
  6396 | D:8      | Found Jucit's Jewellery Boutique.
  6603 | D:8      | Found an iron altar of Okawaru.
  6734 | D:9      | Noticed a two-headed ogre
  6739 | D:9      | Killed a two-headed ogre
  6839 | D:9      | Reached XP level 11. HP: 94/97 MP: 10/10
  6974 | D:9      | Reached skill level 10 in Fighting
  7136 | D:9      | Found a blossoming altar of Fedhas.
  7475 | D:10     | Entered Level 10 of the Dungeon
  7680 | D:10     | Found a staircase to the Lair.
  7693 | D:10     | Found a flagged portal.
  7790 | Bailey   | Entered a bailey
  7836 | Bailey   | Found an iron altar of Okawaru.
  7851 | Bailey   | Noticed an orc knight
  7852 | Bailey   | Noticed an orc high priest
  7865 | Bailey   | Killed an orc knight
  7869 | Bailey   | Killed an orc high priest
  7869 | Bailey   | Reached skill level 11 in Fighting
  8136 | Bailey   | Noticed an orc knight
  8137 | Bailey   | Noticed an orc knight
  8166 | Bailey   | Killed an orc knight
  8177 | Bailey   | Killed an orc knight
  8217 | Bailey   | Noticed an orc knight
  8234 | Bailey   | Killed an orc knight
  8723 | Bailey   | Got a bloodstained cloak
  8730 | Bailey   | Identified the cursed +0 cloak "Myomots" {MR+ Dex+2} (You found it in a bailey)
  9275 | D:10     | Reached XP level 12. HP: 88/110 MP: 11/11
  9284 | D:10     | Noticed a two-headed ogre
  9295 | D:10     | Killed a two-headed ogre
  9295 | D:10     | Reached skill level 10 in Armour
  9913 | D:11     | Noticed a two-headed ogre
  9924 | D:11     | Killed a two-headed ogre
  9937 | D:11     | Found a staircase to the Orcish Mines.
 10213 | D:11     | Reached skill level 12 in Fighting
 10777 | D:12     | Noticed a two-headed ogre
 10789 | D:12     | Killed a two-headed ogre
 10934 | D:12     | Identified the Reference Book on Conjuration
 11159 | D:13     | Reached skill level 10 in Shields
 11271 | D:13     | Noticed Erolcha
 11276 | D:13     | Killed Erolcha
 11352 | D:13     | Noticed P0NYSLAYSTATION's ghost (novice HOFi)
 11358 | D:13     | Noticed Snorg
 11365 | D:13     | Killed P0NYSLAYSTATION's ghost
 11365 | D:13     | Reached skill level 13 in Fighting
 11365 | D:13     | Reached skill level 10 in Dodging
 11370 | D:13     | Killed Snorg
 11389 | D:13     | Noticed a vault guard
 11390 | D:13     | Found a shimmering altar of Xom.
 11412 | D:13     | Killed a vault guard
 11539 | D:13     | Found a gate to the Vaults.
 11667 | D:13     | Noticed a vault guard
 11691 | D:13     | Killed a vault guard
 11760 | D:13     | Noticed a vault guard
 11775 | D:13     | Noticed a vault guard
 11775 | D:13     | Killed a vault guard
 11775 | D:13     | Reached XP level 13. HP: 87/123 MP: 12/12
 11787 | D:13     | Reached skill level 14 in Fighting
 12046 | D:13     | Noticed Nessos
 12058 | D:13     | Killed Nessos
 12768 | Lair:1   | Entered Level 1 of the Lair of Beasts
 13491 | Lair:2   | Reached skill level 15 in Fighting
 13681 | Lair:2   | Found a sacrificial altar of Ru.
 14661 | Lair:3   | Found a staircase to the Swamp.
 14727 | Lair:3   | Found a hole to the Spider Nest.
 15069 | Lair:3   | Reached skill level 16 in Fighting
 15734 | Lair:4   | Reached XP level 14. HP: 125/137 MP: 13/13
 15839 | Lair:4   | Noticed Nergalle
 15866 | Lair:4   | Killed Nergalle
 17243 | Lair:6   | Entered Level 6 of the Lair of Beasts
 17243 | Lair:6   | Found a staircase to the Slime Pits.
 17243 | Lair:6   | Found a viscous altar of Jiyva.
 17540 | Lair:6   | Reached skill level 17 in Fighting
 19577 | D:14     | Reached XP level 15. HP: 147/147 MP: 14/14
 19656 | D:14     | Reached skill level 15 in Shields
 19740 | D:14     | Identified a +0 pair of boots of running (You found it on level 6 of the Lair of Beasts)
 19826 | D:14     | Found a runed door.
 19885 | D:14     | Reached skill level 1 in Spellcasting
 19888 | D:14     | Got a fine chain mail
 19899 | D:14     | Identified the +9 chain mail of the Pleiades {+Blink MR+ Dex+2} (You found it on level 14 of the Dungeon)
 19976 | D:14     | Got a fine platinum amulet
 19978 | D:14     | Got a dazzling scale mail
 20278 | D:14     | Found a blossoming altar of Fedhas.
 20337 | D:14     | Identified the +5 scale mail "Tejeib" {MR+ Dex+6 Slay+3} (You found it on level 14 of the Dungeon)
 20352 | D:14     | Identified the amulet "Govecvann" {Faith rF+} (You found it on level 14 of the Dungeon)
 20536 | D:14     | Reached skill level 18 in Fighting
 20621 | D:14     | Found a large runed door.
 20625 | D:14     | Found a large runed door.
 20625 | D:14     | Noticed a frost giant
 20626 | D:14     | Noticed a tengu reaver
 20757 | D:14     | Found a large runed door.
 20762 | D:14     | Found a large runed door.
 20859 | D:14     | Found a portal to a secret trove of treasure.
 20896 | D:14     | Found a large runed door.
 20900 | D:14     | Found a large runed door.
 20980 | D:14     | Noticed Kirke
 21000 | D:14     | Killed Kirke
 21018 | D:14     | Found a large runed door.
 21022 | D:14     | Found a large runed door.
 21163 | D:15     | Entered Level 15 of the Dungeon
 21530 | D:15     | Found a staircase to the Depths.
 21605 | D:15     | Reached skill level 15 in Armour
 22417 | Swamp:1  | Entered Level 1 of the Swamp
 22426 | Swamp:1  | Reached XP level 16. HP: 130/159 MP: 16/16
 22906 | Swamp:1  | Noticed Roxanne
 22992 | Swamp:1  | Noticed Aizul
 22993 | Swamp:1  | Noticed a thorn hunter
 23372 | Swamp:1  | Noticed Louise
 23408 | Swamp:1  | Killed Louise
 23431 | Swamp:1  | Killed a thorn hunter
 23781 | Swamp:1  | Killed Aizul
 24487 | Swamp:2  | Reached skill level 19 in Fighting
 24957 | Swamp:2  | Reached skill level 15 in Axes
 25310 | Swamp:3  | Noticed Donald
 25341 | Swamp:3  | Killed Donald
 25689 | Swamp:3  | Noticed Jorgrun
 25875 | Swamp:3  | Killed Jorgrun
 26280 | Swamp:3  | Noticed a thorn hunter
 26304 | Swamp:3  | Killed a thorn hunter
 26456 | Swamp:4  | Entered Level 4 of the Swamp
 26590 | Swamp:4  | Noticed a thorn hunter
 26600 | Swamp:4  | Killed a thorn hunter
 27102 | Swamp:4  | Reached XP level 17. HP: 52/168 MP: 17/17
 27822 | Swamp:4  | Got a decaying rune of Zot
 28527 | Spider:1 | Entered Level 1 of the Spider Nest
 28581 | Spider:1 | Noticed aragog127's ghost (journeyman GrBe)
 28603 | Spider:1 | Killed aragog127's ghost
 28784 | Spider:1 | Got a warped ivory ring
 29174 | Spider:2 | Reached ***** piety under Trog
 29615 | Spider:2 | Noticed Arachne
 29657 | Spider:2 | Killed Arachne
 29657 | Spider:2 | Reached skill level 15 in Dodging
 29823 | Spider:2 | Identified the ring of Zukhlomeo {+Fly Str+3} (You found it on level 1 of the Spider Nest)
 30196 | Spider:3 | Received a gift from Trog
 31487 | Spider:4 | Entered Level 4 of the Spider Nest
 31862 | Spider:4 | Reached XP level 18. HP: 123/178 MP: 18/18
 31919 | Spider:4 | Reached skill level 20 in Fighting
 32940 | Spider:4 | Got a gossamer rune of Zot
 33371 | D:11     | Got a fine broad axe
 33374 | Orc:1    | Entered Level 1 of the Orcish Mines
 33493 | Orc:1    | Reached ****** piety under Trog
 33756 | Orc:1    | Received a gift from Trog
 33903 | Orc:2    | Entered Level 2 of the Orcish Mines
 34128 | Orc:2    | Received a gift from Trog
 34144 | Orc:2    | Found a roughly hewn altar of Beogh.
 34145 | Orc:2    | Noticed kaisn's ghost (journeyman CeHu)
 34174 | Orc:2    | Killed kaisn's ghost
 34362 | Orc:2    | Found Kosasum's Antique Armour Shop.
 34369 | Orc:2    | Bought an encrusted ring mail for 243 gold pieces
 34383 | Orc:2    | Identified the +4 ring mail "Ceaz" {rC++} (You bought it in a shop on level 2 of the Orcish Mines)
 34415 | Orc:2    | Found Cadghixia's Jewellery Shop.
 34551 | Orc:2    | Found a roughly hewn altar of Beogh.
 34691 | Orc:2    | Found Ipsuammi's Antique Weapon Shop.
 34738 | Orc:2    | Found a staircase to the Elven Halls.
 34804 | Orc:2    | Found Kuulips's General Store.
 34967 | Elf:1    | Entered Level 1 of the Elven Halls
 34985 | Elf:1    | Found a radiant altar of Vehumet.
 35201 | Elf:1    | Found Haschukkuk's Weapon Shop.
 35215 | Elf:1    | Found Jyidda's Gadget Shoppe.
 35490 | Elf:1    | Found Suvohool's Gadget Shoppe.
 35684 | Elf:1    | Received a gift from Trog
 36113 | Elf:2    | Found a runed gate.
 36119 | Elf:2    | Found a runed gate.
 36123 | Elf:2    | Found a runed gate.
 36348 | Elf:2    | Found Awiehoe's Antique Weapon Boutique.
 36437 | Elf:2    | Noticed Asterion
 36445 | Elf:2    | Killed Asterion
 36711 | Elf:2    | Reached XP level 19. HP: 164/187 MP: 19/19
 37592 | Elf:3    | Entered Level 3 of the Elven Halls
 37677 | Elf:3    | Noticed Nikola
 37700 | Elf:3    | Killed Nikola
 38879 | Elf:3    | Noticed a Brimstone Fiend
 38880 | Elf:3    | Received a gift from Trog
 38895 | Elf:3    | HP: 11/282 [smoke demon/divine providence[a deep elf demonologist] (13)]
 38900 | Elf:3    | HP: 5/188 [???[a deep elf demonologist] (2)]
 39885 | Elf:3    | Reached skill level 21 in Fighting
 39890 | Elf:3    | Got a smoking lapis lazuli ring
 39894 | Elf:3    | Identified the ring of Mirth {rF+ AC+3 Dex+4} (You took it off a deep elf mage on level 3 of the Elven Halls)
 39974 | Elf:3    | Got a flickering lapis lazuli ring
 40014 | Elf:3    | Identified the ring of Plog {*Slow rC+ Str+9 Int+3 Dex-3} (You took it off a deep elf death mage on level 3 of the Elven Halls)
 40143 | Elf:3    | Got a shimmering bone ring
 40873 | Lair:6   | Identified the ring "Docooj" {*Tele rElec} (You took it off a deep elf annihilator on level 3 of the Elven Halls)
 40877 | Slime:1  | Entered Level 1 of the Pits of Slime
 41556 | Slime:1  | Gained mutation: You tend to lose your temper in combat. [a shining eye]
 42028 | Slime:2  | HP: 5/189 [death ooze (10)]
 42028 | Slime:2  | Mangled by a death ooze

Skill      XL: |  1  2  3  4  5  6  7  8  9 10 11 12 13 14 15 16 17 18 19 |
---------------+----------------------------------------------------------+-----
Axes           | 4 6 7 8 10 12 13 14 15 17 18 | 18.0
Fighting       | 4 5 6 8 9 11 13 16 17 18 19 20 21 | 21.3
Armour         | 3 4 5 6 7 8 9 11 12 14 15 16 17 18 | 18.1
Shields        | 1 3 5 6 8 9 11 12 14 15 16 18 19 20 | 20.8
Dodging        | 3 4 5 6 7 9 10 12 13 14 15 16 | 16.9
Spellcasting   | 1 |  1.0

Action                   |  1- 3 |  4- 6 |  7- 9 | 10-12 | 13-15 | 16-18 | 19-21 || total
-------------------------+-------+-------+-------+-------+-------+-------+-------++-------
Melee: Hand axe          |    67 |    93 |   349 |   687 |  1063 |       |       ||  2259
       Headbutt          |    12 |    14 |    60 |   208 |   440 |   477 |   131 ||  1342
       Flail             |       |       |       |       |    43 |    92 |       ||   135
       Broad axe         |       |       |       |       |   296 |  1595 |   350 ||  2241
Invok: Trog's Hand       |       |     3 |    14 |    42 |    49 |    55 |    14 ||   177
       Berserk           |       |     2 |     3 |     8 |     7 |     8 |     4 ||    32
       Burn Spellbooks   |       |       |     3 |     3 |     5 |     4 |     3 ||    18
       Brothers in Arms  |       |       |       |       |       |     1 |     1 ||     2
 Abil: Evoke Blink       |       |       |       |       |       |       |     1 ||     1
Evoke: Sack of spiders   |       |       |       |       |     2 |       |       ||     2
       Wand              |       |       |       |       |    10 |     4 |       ||    14
       Phial of floods   |       |       |       |       |     1 |       |       ||     1
  Use: Scroll            |     1 |       |    13 |    19 |    11 |    13 |     7 ||    64
       Potion            |       |       |       |     2 |     6 |    12 |     4 ||    24
 Stab: Petrified         |       |       |       |       |     7 |       |       ||     7
       Petrifying        |       |       |       |       |     2 |       |       ||     2
       Distracted        |       |       |       |       |     1 |       |     5 ||     6
       Confused          |       |       |       |       |       |     4 |       ||     4
       Held in net/web   |       |       |       |       |       |     1 |       ||     1
  Eat: Chunk             |     1 |     4 |    25 |    32 |    34 |    32 |     4 ||   132
       Ration            |       |       |       |     3 |     7 |    12 |     6 ||    28
Armor: Animal skin       |     8 |       |       |       |       |       |       ||     8
       Ring mail         |     9 |       |       |       |    26 |       |     6 ||    41
       Chain mail        |     2 |    23 |   115 |   136 |   457 |   555 |    65 ||  1353
Dodge: Dodged            |    22 |    14 |    86 |   180 |   640 |   810 |   131 ||  1883
Block: Shield            |    14 |    45 |    35 |       |   314 |  1830 |   270 ||  2508
       Buckler           |       |       |   108 |   280 |   579 |       |       ||   967
       Reflection        |       |       |     8 |    22 |    33 |    60 |    17 ||   140
